 Dungeon Crawl Stone Soup version 0.28.0-53-g5a82cb258f (webtiles) character file.

Game seed: 12426927396435451173

3781 cbfl8 the Chopper (level 10, -6/77 HPs)
             Began as a Formicid Fighter on Aug 16, 2022.
             Was a Follower of Trog.
             Mangled by a death knight
             ... wielding a +0 great mace
              (13 damage)
             ... on level 9 of the Dungeon.
             The game lasted 00:17:14 (10341 turns).

cbfl8 the Chopper (Formicid Fighter)               Turns: 10341, Time: 00:17:15

Health: -6/77      AC: 15    Str: 20 (21) XL:     10   Next: 38%
Magic:  10/10      EV: 11    Int:  7 (8)  God:    Trog [*.....]
Gold:   429        SH:  5    Dex: 11 (14) Spells: 9/9 levels left

rFire   . . .      SeeInvis +   a - +0 war axe
rCold   . . .      Faith    .   c - +0 buckler
rNeg    . . .      Spirit   .   H - +3 plate armour
rPois   .          Reflect  .   (helmet unavailable)
rElec   .          Harm     .   (no cloak)
rCorr   .          Rampage  .   (no gloves)
Will    +....                   (no boots)
Stlth   ..........              h - amulet of regeneration
HPRegen 1.02/turn               u - +4 ring of evasion
MPRegen 0.12/turn               r - ring of flight

@: flying
A: permanent stasis, dig shafts and tunnels, antennae 3, four strong arms
a: Dig, Shaft Self, Renounce Religion


You were on level 9 of the Dungeon.
You worshipped Trog.
Trog was aware of your devotion.
You visited 2 branches of the dungeon, and saw 10 of its levels.

You collected 429 gold pieces.

Inventory:

Hand Weapons
 a - a +0 war axe (weapon)
 m - a +0 battleaxe
Armour
 c - a +0 buckler (worn)
 H - a +3 plate armour (worn)
Jewellery
 h - an amulet of regeneration (around neck)
 o - a ring of protection from cold
 r - a ring of flight (right hand)
 u - a +4 ring of evasion (left hand)
 y - a ring of resist corrosion
 D - a ring of positive energy
Wands
 q - a wand of acid (6) (quivered)
 v - a wand of digging (5)
 x - a wand of paralysis (4)
 A - a wand of charming (14)
Scrolls
 d - 2 scrolls of magic mapping {unknown}
 e - a scroll of torment {unknown}
 g - a scroll of fear {unknown}
 j - 3 scrolls of enchant armour
 k - a scroll of noise {unknown}
 l - a scroll of summoning {unknown}
 n - 2 scrolls of blinking {unknown}
 s - a scroll of immolation {unknown}
 F - a scroll of teleportation {unknown}
 G - a scroll of identify
Potions
 b - 2 potions of attraction
 f - a potion of mutation
 t - a potion of flight {unknown}
 z - a potion of brilliance {unknown}
 C - a potion of heal wounds {unknown}
 E - a potion of lignification {unknown}


   Skills:
 * Level 6.8 Fighting
 + Level 7.4 Axes
 + Level 6.1 Armour
 * Level 4.3 Dodging
 * Level 6.5 Stealth
 * Level 7.1 Shields
 * Level 5.2 Evocations


You had 9 spell levels left.
You didn't know any spells.
Your spell library contained the following spells:

 Spells                   Type           Power      Damage    Failure   Level
 Dazzling Flash           Conj/Hex       0%         N/A       100%        3
 Iskenderun's Mystic Bla  Conj/Tloc      0%         2d3       100%        4
 Summon Ice Beast         Ice/Summ       0%         N/A       100%        4
 Summon Mana Viper        Hex/Summ       0%         N/A       100%        5
 Starburst                Conj/Fire      0%         6d3       100%        6
 Monstrous Menagerie      Summ           0%         N/A       100%        7


Dungeon Overview and Level Annotations

Branches:
Dungeon (9/15)             Temple (1/1) D:7             Orc (0/2) D:9
   Lair: D:8-11

Altars:
Ashenzari
Cheibriados
Dithmenos
Elyvilon
Fedhas
Gozag
Hepliaklqana
Kikubaaqudgha
Makhleb
Nemelex Xobeh
Okawaru
Qazlal
Ru
Sif Muna
Trog
Uskayaw
Vehumet
Wu Jian
Xom
Yredelemnul
Zin
The Shining One

Shops:
D:2 [

Annotations:
D:3 2 transporters


Innate Abilities, Weirdness & Mutations

You cannot be hasted, slowed, berserked, paralysed or teleported.
You can dig through walls and to a lower floor.
You have a pair of large antennae on your head. (SInv)
Your four strong arms can wield two-handed weapons with a shield.


Message History

The wyvern bites you but does no damage.
The wyvern bites you.
The killer bee stings you but does no damage.
You block the killer bee's attack. You block the wyvern's attack.
The wyvern bites you but does no damage.
The killer bee stings you.
The killer bee stings you but does no damage.
The wyvern bites you. You block the killer bee's attack.
The orc warrior hits you from afar with a +0 halberd!
The killer bee stings you. The killer bee stings you.
The killer bee barely misses you.
The orc warrior hits you from afar with a +0 halberd!
The killer bee misses you. The wyvern closely misses you.
The killer bee misses you.
The death knight offers itself to Yredelemnul, and fills with unholy energy.
The killer bee stings you but does no damage.
The wyvern closely misses you.
The killer bee stings you but does no damage.
The wyvern bites you. The orc warrior barely misses you.
The killer bee stings you but does no damage.
The wyvern bites you!
* * * LOW HITPOINT WARNING * * *
The killer bee stings you.
* * * LOW HITPOINT WARNING * * *
The killer bee barely misses you.
The orc warrior hits you from afar with a +0 halberd.
* * * LOW HITPOINT WARNING * * *
You block the killer bee's attack. You block the wyvern's attack.
The wyvern bites you.
* * * LOW HITPOINT WARNING * * *
The orc warrior barely misses you. You block the wyvern's attack.
It was a potion of degeneration.
There was something very wrong with that liquid.
You feel weakened.
You feel dopey.
You feel clumsy.
The orc warrior hits you from afar with a +0 halberd!
* * * LOW HITPOINT WARNING * * *
The death knight hits you with a +0 great mace!
You die...

..#####.....'........#.......
#...'.....#........#....###
#...#.....#........#....#
#...#.....#........#..###
..#####.....#...######..#
............#...# ....#
#####...>...#.o.#.......#
#.......#p..+.......#
#.......@ly.........#
#.......###.###.....#
#.......# ....#.....#
#.......# ....#.....#####
#........................
#..####.#.....#.#......J. ...
..#.....#.......... ...# ###
###.###.#.. .... ⌠/. #.#..


You could see a death knight (reflects damage), an orc warrior, a wyvern and a
killer bee.

Vanquished Creatures
  A hornet (D:7)
  Sigmund (D:5)
  Menkaure (D:4)
  A water moccasin (D:8)
  2 orc warriors
  3 ice beasts
  4 ogres
  A sky beast (D:6)
  3 necrophages
  A centaur (D:6)
  A phantom (D:6)
  A bullfrog (D:7)
  A kobold brigand (D:6)
  Blork the orc (D:6)
  A gnoll sergeant (D:8)
  4 scorpions
  2 water moccasin zombies (D:5)
  6 killer bees (D:8)
  5 wights (D:8)
  An electric eel (D:7)
  A howler monkey (D:8)
  A bullfrog zombie (D:6)
  2 centaur zombies
  3 orc priests
  2 hounds
  3 jellies
  A bullfrog skeleton (D:7)
  4 orc wizards
  2 iguanas
  A killer bee zombie (D:9)
  Robin (D:2)
  6 gnolls
  3 adders
  A white imp (D:6)
  2 ufetubi
  3 worms
  25 orcs
  8 endoplasms
  4 giant cockroaches
  13 goblins
  6 hobgoblins
  10 jackals
  12 kobolds
  3 quokkas
  3 ball pythons
  A bat (D:3)
  3 frilled lizards
  6 rats
171 creatures vanquished.

Vanquished Creatures (others)
  9 plants (D:7)
9 creatures vanquished.

Grand Total: 180 creatures vanquished

Notes
Turn   | Place    | Note
-------+----------+-------------------------------------------
     0 | D:1      | cbfl8 the Formicid Fighter began the quest for the Orb.
     0 | D:1      | Reached XP level 1. HP: 18/18 MP: 1/1
   247 | D:1      | Reached XP level 2. HP: 21/24 MP: 2/2
   595 | D:1      | Reached XP level 3. HP: 21/29 MP: 3/3
  1106 | D:1      | Reached skill level 1 in Stealth
  1106 | D:1      | Reached XP level 4. HP: 8/37 MP: 4/4
  1410 | D:1      | Reached skill level 1 in Dodging
  1410 | D:1      | Reached skill level 1 in Evocations
  1612 | D:2      | Reached XP level 5. HP: 40/42 MP: 5/5
  2092 | D:2      | Found Qiakk's Antique Armour Emporium.
  2178 | D:2      | Noticed Robin
  2186 | D:2      | Killed Robin
  2630 | D:2      | Found a faded altar of an unknown god.
  2926 | D:3      | Found a transporter.
  2934 | D:3      | Noticed a kobold demonologist
  3348 | D:3      | Found a transporter.
  3689 | D:4      | Noticed Menkaure
  3953 | D:4      | Noticed an ogre
  3963 | D:4      | Killed an ogre
  3964 | D:4      | Reached XP level 6. HP: 44/48 MP: 6/6
  4235 | D:4      | Found a shadowy altar of Dithmenos.
  4389 | D:4      | Reached XP level 7. HP: 50/55 MP: 7/7
  4627 | D:4      | Killed Menkaure
  4650 | D:5      | Entered Level 5 of the Dungeon
  4847 | D:5      | Reached skill level 5 in Shields
  4928 | D:5      | Reached XP level 8. HP: 35/61 MP: 8/8
  5198 | D:5      | Noticed Sigmund
  5205 | D:5      | Killed Sigmund
  5206 | D:5      | Reached skill level 5 in Fighting
  5206 | D:5      | Reached skill level 5 in Axes
  6081 | D:5      | Reached XP level 9. HP: 62/68 MP: 9/9
  6490 | D:6      | Reached skill level 5 in Armour
  7042 | D:6      | Reached skill level 5 in Stealth
  7381 | D:6      | Noticed Blork the orc
  7384 | D:6      | Killed Blork the orc
  8294 | D:7      | Found a staircase to the Ecumenical Temple.
  8341 | Temple   | Entered the Ecumenical Temple
  8634 | Temple   | Became a worshipper of Trog the Wrathful
  9186 | D:8      | Noticed a hornet
  9192 | D:7      | Killed a hornet
  9193 | D:7      | Reached XP level 10. HP: 65/77 MP: 10/10
  9709 | D:8      | Reached skill level 5 in Evocations
 10078 | D:9      | Found a staircase to the Orcish Mines.
 10131 | D:8      | Reached * piety under Trog
 10280 | D:9      | Noticed a death knight
 10341 | D:9      | Mangled by a death knight

Illustrated notes

Levels and vault maps discovered:
D:1:      ebering_trefoil_3fold, layout_loops_cross, serial_co_window_serial,
          co_window_paths_a, co_window_corner_a, co_window_corner_a,
          co_window_of_opportunity_a, co_window_paths_a,
          co_window_of_opportunity_a, co_window_of_opportunity_a,
          co_window_of_opportunity_b, co_window_corner_b, co_window_cross_3,
          co_window_sun, co_window_paths_e, glass_columns_a, glass_columns_a,
          glass_columns_b, glass_columns_a, glass_columns_c
D:2:      wander_river, layout_loops_ring, shapermc_ecumenical_altar_notcrosses,
          serial_shops, shop, corexii_item_surrounded_by_moat,
          nicolae_figureground_pulse, uniq_robin
D:3:      gammafunk_wand_slinger, layout_basic
D:4:      layout_cave_pools, nicolae_dithmenos_shadow_blocks, uniq_menkaure
D:5:      layout_gridville, uniq_sigmund
D:6:      layout_basic, due_unseen_surprise, uniq_blork_the_orc
D:7:      layout_loops_ring, minmay_temple_entry_arrows, serial_bayou_ford_a,
          corner_web_ring
D:8:      layout_rooms
D:9:      layout_irregular_city, orc_0_dummy, minmay_shop_grid_forest,
          columned_hall_lemuel, minmay_chambers_of_fives, uniq_pikel,
          uniq_psyche, uniq_joseph
Temple:   mainiacjoe_temple_circle_huts

Skill      XL: |  1  2  3  4  5  6  7  8  9 10 |
---------------+-------------------------------+-----
Shields        | 4 5 6 7 |  7.1
Stealth        | 1 2 3 4 5 6 |  6.5
Dodging        | 1 2 3 4 |  4.3
Evocations     | 1 2 3 4 5 |  5.2
Fighting       | 4 5 6 |  6.8
Axes           | 3 4 5 6 7 |  7.4
Armour         | 4 5 6 |  6.1

Action                   |  1- 3 |  4- 6 |  7- 9 | 10-12 || total
-------------------------+-------+-------+-------+-------++-------
Melee: War axe           |    66 |   166 |   270 |    98 ||   600
       Battleaxe         |       |       |       |    35 ||    35
 Abil: Dig               |       |     1 |     1 |       ||     2
Evoke: Wand              |       |       |     4 |    10 ||    14
  Use: Potion            |       |     3 |       |     4 ||     7
       Scroll            |       |       |     6 |       ||     6
Armor: Scale mail        |    18 |     6 |       |       ||    24
       Chain mail        |       |    95 |   151 |    60 ||   306
       Plate armour      |       |       |       |    87 ||    87
Dodge: Dodged            |    29 |    65 |   113 |   220 ||   427
Block: Buckler           |    19 |    54 |    71 |    83 ||   227
